 Dungeon Crawl Stone Soup version 0.31-a0-369-g8eba5f6939 (webtiles) character file.

Game seed: 10806048696496078505

2465 porpoise the Carver (level 9, -1/108 HPs)
             Began as a Demonspawn Gladiator on July 29, 2023.
             Succumbed to a gnoll's poison
             ... on level 6 of the Dungeon.
             The game lasted 00:17:55 (4431 turns).

porpoise the Carver (Demonspawn Gladiator)          Turns: 4431, Time: 00:17:56

Health: -1/108     AC: 24    Str: 14    XL:     9   Next: 26%
Magic:  9/9        EV:  2    Int: 10    God:
Gold:   330        SH:  0    Dex: 19    Spells: 8/8 levels left

rFire   + + .        a - +2 dagger (drain)
rCold   + . .        (no shield)
rNeg    . . .        m - melded +0 ring mail
rPois   +            c - melded +0 helmet
rElec   +            n - melded +0 cloak
rCorr   +            (gloves currently unavailable)
SInv    .            (boots currently unavailable)
Will    .....        (no amulet)
Stlth   ++           C - +5 ring of evasion
HPRegen 0.38/turn    G - ring of protection from fire
MPRegen 0.11/turn

%: no passive effects
@: brilliant, lethally poisoned (-1 -> -10), tree-form (expiring), resistant
A: stationary, stasis, torment immunity, boosted hp, (hooves 2), demonic magic
2, (demonic touch 2)
a: no special abilities


You were on level 6 of the Dungeon.
You were a tree.
You visited 2 branches of the dungeon, and saw 7 of its levels.

You collected 330 gold pieces.

Inventory:

Hand Weapons
 a - a +2 dagger of draining (weapon)
 b - a +0 sling
 i - a +0 long sword
 y - the +10 zealot's sword {holy, Zealotry, *Rage rN+ EV+3}
   (You found it on level 4 of the Dungeon)

   Zealotry:  Whenever the wielder enters a berserk rage, their allies are
   berserked alongside them.
   EV:        It affects your evasion (+3).
   rN:        It protects you from negative energy.
   *Rage:     It berserks you when you make melee attacks (+20% chance).
Missiles
 d - 3 throwing nets (quivered)
 e - 5 javelins
 o - 22 poisoned darts
 A - 13 boomerangs
Armour
 c - a +0 helmet (melded)
 m - a +0 ring mail (melded)
 n - a +0 cloak (melded)
 p - an orb of energy
Jewellery
 B - a ring of magical power
 C - a +5 ring of evasion (left branch)
 G - a ring of protection from fire (right branch)
Talismans
 z - a serpent talisman
 D - a maw talisman
Scrolls
 f - a scroll of immolation
 g - a scroll of revelation {unknown}
 h - a scroll of amnesia {unknown}
 k - a scroll of poison {unknown}
 q - a scroll of brand weapon {unknown}
 t - 2 scrolls of fear
 v - 3 scrolls of teleportation
 w - a scroll of silence {unknown}
 E - a scroll of butterflies {unknown}
 H - a scroll of identify {unknown}
 J - a scroll of fog {unknown}
 K - a scroll of enchant weapon {unknown}
Potions
 r - a potion of curing
 u - 2 potions of brilliance
 x - a potion of attraction
 I - a potion of might {unknown}


   Skills:
 - Level 7.0 Fighting
 * Level 9.0 Long Blades
 - Level 3.3 Throwing
 + Level 4.3 Dodging


You had 8 spell levels left.
You didn't know any spells.
Your spell library contained the following spells:

 Spells                   Type           Power      Damage    Failure   Level
 Cigotuvi's Dreadful Rot  Necr/Pois/Air  0%         N/A       50%         2
 Ensorcelled Hibernation  Hex/Ice        0%         N/A       50%         2
 Ignite Poison            Fire/Tmut/Pois 0%         N/A       75%         3
 Volatile Blastmotes      Fire/Tloc      0%         2d10      75%         3
 Anguish                  Hex/Necr       0%         N/A       98%         4
 Fulminant Prism          Conj/Hex       0%         3d5       98%         4
 Iskenderun's Mystic Bla  Conj/Tloc      0%         2d3       98%         4
 Freezing Cloud           Conj/Ice/Air   0%         6-21      100%        5
 Simulacrum               Ice/Necr       0%         N/A       100%        6
 Ozocubu's Refrigeration  Ice            0%         4d7       100%        7
 Polar Vortex             Ice            0%         N/A       100%        9


Dungeon Overview and Level Annotations

Branches:
Dungeon (6/15)             Temple (1/1) D:4

Altars:
Dithmenos
Fedhas
Gozag
Hepliaklqana
Kikubaaqudgha
Okawaru
Qazlal
Ru
Wu Jian
Xom
Yredelemnul


Innate Abilities, Weirdness & Mutations

You are a tree.
Your roots penetrate the ground, keeping you stationary.
You cannot be teleported.
You are immune to unholy pain and torment.
Your maximum health is greatly increased.
Your equipment is partially melded.
((You have hoof-like feet.))
Spells you cast may paralyse nearby enemies.
((Your touch may inflict irresistible damage on your foes.))


Message History

* * * LOW HITPOINT WARNING * * *
You feel sick. The gnoll hits you but does no damage.
You are lethally poisoned!
The gnoll hits you but does no damage.
The gnoll bouda hits you but does no damage.
The gnoll hits you but does no damage.
You hit the gnoll bouda.
The gnoll bouda is almost dead.
* * * LOW HITPOINT WARNING * * *
You feel very sick.
The gnoll is no longer moving quickly.
Press: ? - help, v - describe, . - travel, g - get item
Here: a gnoll, wielding a +1 spear of venom (covering ground quickly, heavily drained) Item here: a +0 spear.
The floor, spattered with blood.
Unknown command.
You closely miss the gnoll bouda.
You punch the gnoll bouda, but do no damage.
The gnoll bouda is almost dead.
Your transformation is almost over.
* * * LOW HITPOINT WARNING * * *
You feel very sick. The gnoll hits you but does no damage.
The gnoll bouda barks out a call to the hunt!
The gnoll picks up the pace!
The gnoll hits you but does no damage. x2
You hit the gnoll bouda.
You kill the gnoll bouda!
* * * LOW HITPOINT WARNING * * *
You feel sick. The gnoll hits you with a +0 club.
* * * LOW HITPOINT WARNING * * *
The gnoll hits you but does no damage. x2
Unknown command.
You hit the gnoll but do no damage. You drain the gnoll.
The gnoll is moderately wounded.
* * * LOW HITPOINT WARNING * * *
You feel sick.
You hit the gnoll. You drain the gnoll.
The gnoll is heavily wounded.
You die...

#.......................
#######.....####'#######
#.....#...........
#.....#...........
#.....#...........
######....[####+###+###
#....##................
#....g#................
#...g)♣................
#....g#................
########................
#.......###'##########'#
#.......#....#..........
#..>....#....#..........
#.......#....#..........
#.......#....#..........
#......>#....#..........


You could see 3 gnolls.

Vanquished Creatures
  A two-headed ogre (D:5)
  A wyvern (D:5)
  Eustachio (D:6)
  2 water moccasins (D:5)
  A black bear (D:5)
  An ice beast (D:5)
  2 centaurs (D:6)
  A phantom (D:5)
  A kobold brigand (D:4)
  A gnoll sergeant (D:4)
  3 scorpions
  A howler monkey (D:5)
  3 hounds (D:5)
  3 jellies
  2 gnoll boudas
  A sleepcap (D:6)
  2 iguanas (D:4)
  2 orc wizards (D:4)
  12 gnolls
  8 adders
  2 ufetubi (D:5)
  2 worms
  A dart slug (D:3)
  11 orcs
  6 ball pythons
  4 bats
  5 endoplasms
  7 giant cockroaches
  6 goblins
  2 hobgoblins (D:2)
  4 jackals (D:2)
  A quokka (D:3)
  2 frilled lizards
  11 kobolds
  9 rats
122 creatures vanquished.

Notes
Turn   | Place    | Note
-------+----------+-------------------------------------------
     0 | D:1      | porpoise the Demonspawn Gladiator began the quest for the
                  | Orb.
     0 | D:1      | Reached XP level 1. HP: 16/16 MP: 1/1
   212 | D:1      | Gained mutation: Spells you cast may paralyse adjacent
                  | enemies. [demonic ancestry]
   212 | D:1      | Reached XP level 2. HP: 22/22 MP: 2/2
   420 | D:1      | Reached skill level 3 in Long Blades
   544 | D:1      | Found a faded altar of an unknown god.
   774 | D:2      | Discovered your monstrous ancestry.
   774 | D:2      | Gained mutation: Your touch may inflict minor irresistible
                  | damage on your foes. [demonic ancestry]
   774 | D:2      | Reached XP level 3. HP: 28/28 MP: 3/3
  1293 | D:3      | Noticed a scorpion
  1301 | D:3      | Killed a scorpion
  1302 | D:3      | Gained mutation: You have large cloven feet. [demonic
                  | ancestry]
  1302 | D:3      | Reached XP level 4. HP: 21/35 MP: 4/4
  1403 | D:3      | Found a shadowy altar of Dithmenos.
  1571 | D:3      | Gained mutation: You have hoof-like feet. [demonic
                  | ancestry]
  1571 | D:3      | Reached XP level 5. HP: 41/41 MP: 5/5
  2019 | D:4      | Found a staircase to the Ecumenical Temple.
  2030 | Temple   | Entered the Ecumenical Temple
  2116 | D:4      | Found the +10 zealot's sword {holy, Zealotry, *Rage rN+
                  | EV+3}
  2320 | D:4      | Gained mutation: Spells you cast may paralyse nearby
                  | enemies. [demonic ancestry]
  2320 | D:4      | Reached XP level 6. HP: 39/47 MP: 6/6
  2369 | D:4      | Reached skill level 4 in Long Blades
  2613 | D:5      | Entered Level 5 of the Dungeon
  2808 | D:5      | Reached XP level 7. HP: 48/54 MP: 3/7
  2876 | D:5      | Reached skill level 5 in Long Blades
  2968 | D:5      | Noticed a wyvern
  2979 | D:5      | Killed a wyvern
  3153 | D:5      | Noticed a two-headed ogre
  3164 | D:5      | Killed a two-headed ogre
  3165 | D:5      | Reached skill level 5 in Fighting
  3165 | D:5      | Reached skill level 7 in Long Blades
  3165 | D:5      | Gained mutation: Your touch may inflict irresistible damage
                  | on your foes. [demonic ancestry]
  3165 | D:5      | Reached XP level 8. HP: 35/64 MP: 8/8
  3352 | D:5      | Reached skill level 8 in Long Blades
  3551 | D:4      | Reached XP level 9. HP: 71/71 MP: 9/9
  3932 | D:6      | Noticed Eustachio
  3955 | D:6      | Killed Eustachio
  4153 | D:6      | Reached skill level 9 in Long Blades
  4428 | D:6      | HP: 5/108 [poisoned by a gnoll]
  4430 | D:6      | HP: 1/108 [poisoned by a gnoll]
  4431 | D:6      | Succumbed to a gnoll's poison

Illustrated notes

Levels and vault maps discovered:
D:1:      dpeg_arrival_lava_temple_mockup, layout_rooms,
          dreamdust_ecumenical_altar_hidden_monk_grotto
D:2:      layout_rooms, minmay_cupped
D:3:      layout_loops_ring, old_standard_altar
D:4:      layout_cave_pools, temple_statues
D:5:      layout_basic, minmay_joined_circles
D:6:      layout_gridville, uniq_eustachio
Temple:   nicolae_temple_god_jail

Skill      XL: |  1  2  3  4  5  6  7  8  9 |
---------------+----------------------------+-----
Throwing       | 2 3 |  3.3
Dodging        | 3 4 |  4.3
Long Blades    | 3 4 7 8 9 |  9.0
Fighting       | 3 4 5 6 7 |  7.0

Action                     |  1- 3 |  4- 6 |  7- 9 || total
---------------------------+-------+-------+-------++-------
  Melee: Long sword        |    33 |       |       ||    33
         Dagger            |    83 |   117 |   160 ||   360
         Touch             |     6 |    19 |    29 ||    54
         Punch             |     1 |     2 |     3 ||     6
         Kick              |       |    36 |    48 ||    84
   Fire: Sling             |     8 |       |       ||     8
  Throw: Throwing net      |       |       |     1 ||     1
    Use: Scroll            |     1 |       |     2 ||     3
         Potion            |       |     1 |     8 ||     9
   Stab: Held in net/web   |       |       |     2 ||     2
 Armour: Leather armour    |    18 |       |       ||    18
         Ring mail         |    25 |    30 |    25 ||    80
         Skin              |       |       |    86 ||    86
  Dodge: Dodged            |    89 |    61 |   114 ||   264

Table legend: (Time is in decaauts)
 A = Elapsed time spent in this place.
 B = Non-inter-level travel time spent in this place.
 C = Inter-level travel time spent in this place.
 D = Time resting spent in this place.
 E = Time spent auto-exploring this place.
 F = Levels seen in this place.
 G = Mean time per level.
                   A        B        C        D        E       F      G
               +--------+--------+--------+--------+--------+-----+--------+
         Total |   4382 |   4201 |    181 |    689 |   2578 |   7 |  626.0 |
       Dungeon |   4380 |   4200 |    180 |    689 |   2578 |   6 |  730.0 |
        Temple |      1 |      0 |      1 |      0 |      0 |   1 |    1.0 |
               +--------+--------+--------+--------+--------+-----+--------+

Top non-repeatable levels by time:
     D:5: 1029 daAuts
     D:4: 806 daAuts
     D:3: 716 daAuts
     D:1: 708 daAuts
     D:2: 572 daAuts
     D:6: 547 daAuts
  Temple: 1 daAuts
